 Dungeon Crawl Stone Soup version 0.29.1-15-g9cfb28693d (webtiles) character file.

Game seed: 2173252355142056877

3357 croobank the Sneak (level 9, -1/69 HPs)
             Began as a Demonspawn Fire Elementalist on Mar 22, 2023.
             Slain by an orc warrior
             ... wielding a +0 war axe
              (10 damage)
             ... in a bailey.
             The game lasted 00:24:07 (8392 turns).

croobank the Sneak (Demonspawn Fire Elementalist)   Turns: 8392, Time: 00:24:08

Health: -1/69      AC:  8    Str:  9    XL:     9   Next: 73%
Magic:  2/16       EV: 13    Int: 21    God:
Gold:   345        SH:  0    Dex: 13    Spells: 8/18 levels left

rFire   . . .      SeeInvis .   a - +2 dagger (venom)
rCold   . . .      Faith    .   (no shield)
rNeg    . . .      Spirit   .   J - +0 leather armour {rPois}
rPois   +          Reflect  .   (helmet restricted)
rElec   .          Harm     .   h - +1 cloak
rCorr   .          Rampage  .   (no gloves)
Will    .....                   s - +0 pair of boots
Stlth   +++.......              (no amulet)
HPRegen 0.21/turn               (no ring)
MPRegen 0.30/turn               (no ring)

@: marked, hasted, studying Ranged Weapons, very quick
A: horns 1, rugged brown scales 2, ignite blood 1, magic regeneration
a: no special abilities


You were in a bailey.
You visited 2 branches of the dungeon, and saw 9 of its levels.
You also visited: Bailey.

You collected 439 gold pieces.
You spent 94 gold pieces at shops.

Inventory:

Hand Weapons
 a - a +2 dagger of venom (weapon)
 b - a +0 sling
 g - a +0 short sword
 m - a +0 great mace
 n - a +0 hand axe
 p - a +4 dagger
 t - a +0 war axe
 H - a +2 vorpal trident
 I - a +3 great sword
Missiles
 w - 6 poisoned darts
 G - 3 silver boomerangs
 L - 8 boomerangs
 M - 4 boomerangs of dispersal
Armour
 h - a +1 cloak (worn)
 j - a +1 robe
 s - a +0 pair of boots (worn)
 z - a +0 buckler
 J - a +0 leather armour of poison resistance (worn)
Magical Staves
 q - a staff of air
 r - a staff of cold
Jewellery
 l - an amulet of the acrobat
 o - a ring of wizardry
 B - a ring of fire
 F - a ring of positive energy
Wands
 e - a wand of light (10)
 D - a wand of charming (4)
Scrolls
 f - 2 scrolls of enchant armour
 y - 2 scrolls of vulnerability
 C - a scroll of teleportation
Potions
 u - a potion of might
 v - 3 potions of flight
 x - a potion of curing
 A - 2 potions of mutation
 K - a potion of lignification


   Skills:
 * Level 4.7 Fighting
 + Level 4.0 Ranged Weapons
 * Level 2.7 Armour
 * Level 5.2 Dodging
 * Level 5.6 Stealth
 * Level 5.2 Spellcasting
 * Level 5.3 Conjurations
 * Level 5.5 Fire Magic


You had 8 spell levels left.
You knew the following spells:

 Your Spells              Type           Power      Damage    Failure   Level
a - Foxfire               Conj/Fire      100%       2x1d9     1%          1
b - Scorch                Fire           58%        2d8       2%          2
c - Inner Flame           Hex/Fire       17%        N/A       14%         3
d - Flame Wave            Conj/Fire      28%        2d9       16%         4

Your spell library contained the following spells:

 Spells                   Type           Power      Damage    Failure   Level
 Conjure Flame            Conj/Fire      28%        6-21      4%          3
 Static Discharge         Conj/Air       16%        3-5/arc   7%          2
 Apportation              Tloc           10%        N/A       14%         1
 Necrotise                Necr           20%        1d5       14%         1
 Summon Small Mammal      Summ           20%        N/A       14%         1
 Lightning Bolt           Conj/Air       8%         1d20      78%         5
 Corpse Rot               Necr/Pois/Air  5%         N/A       82%         4
 Dispel Undead            Necr           5%         3d7       82%         4
 Death Channel            Necr           2%         N/A       100%        6
 Maxwell's Capacitive Co  Air            2%         ∞         100%        8


Dungeon Overview and Level Annotations

Branches:
Dungeon (8/15)             Temple (1/1) D:6            Lair (0/5) D:8
 Bailey (1/1)

Altars:
Ashenzari
Cheibriados
Dithmenos
Fedhas
Gozag
Kikubaaqudgha
Makhleb
Nemelex Xobeh
Okawaru
Qazlal
Ru
Sif Muna
Trog
Uskayaw
Vehumet
Wu Jian
Xom
Yredelemnul

Shops:
D:1 !   D:8 !

Annotations:
D:3 exclusion: downstairs
D:6 2 transporters


Innate Abilities, Weirdness & Mutations

You have a pair of small horns on your head.
You are mostly covered in rugged brown scales. (AC +2, +5% HP)
Your demonic aura sometimes causes spilled blood to erupt in flames.
You regenerate magic rapidly.


Message History

The foxfire hits the orc warrior.
The orc warrior is burned terribly!
You kill the orc warrior!
The foxfire hits the orc warrior but does no damage.
Your Ranged Weapons skill increases to level 4!
Okay, then.
The air fills with toxic fumes!
As you read the scroll labelled JENESH MIODIME, it crumbles to dust.
It was a scroll of poison.
Your surroundings suddenly seem different.
Found a scroll of teleportation and a ring of flight.
You start resting.
An orc warrior is nearby!
The orc warrior barely misses you.
Casting: Foxfire (safe; 1% risk of failure)
Confirm with . or Enter, or press ? or * to list all spells.
Flames lash the gnoll.
You kill the gnoll!
The orc warrior hits you with a +0 war axe!
* * * LOW HITPOINT WARNING * * *
Casting: Scorch (safe; 2% risk of failure)
Confirm with . or Enter, or press ? or * to list all spells.
Flames lash the orc warrior but do no damage.
You feel a little less mighty now.
Okay, then.
Casting: Scorch (safe; 2% risk of failure)
Confirm with . or Enter, or press ? or * to list all spells.
Okay, then.
Okay, then.
Aiming: Charm
Press: ? - help, Shift-Dir - straight line, f - orc warrior
Aim: an orc warrior, wielding a +0 war axe and wearing a +0 plate armour (chance to affect: 49%)
Okay, then.
Aiming: Bolt of Light
Press: ? - help, Shift-Dir - straight line, f - orc warrior
Aim: an orc warrior, wielding a +0 war axe and wearing a +0 plate armour (71% to hit)
The bolt of light hits the orc warrior!
The orc warrior is moderately wounded.
The orc warrior is blinded.
The orc warrior hits you with a +0 war axe!
You die...

##########
#..?..#).#
#.=..##.@o#. ###
######.#############
.......†..)........#
..#########†........
##'#......
#.†#....⌠.
#..###....
####'####o.+ #....
....).))g..###....


You could see an orc warrior (blind).

Vanquished Creatures
  A steam dragon (D:7)
  Menkaure (D:7)
  11 orc warriors
  2 water moccasins
  An ice beast (D:5)
  2 sky beasts (D:7)
  A black bear (D:5)
  A centaur (D:8)
  A phantom (D:5)
  3 bullfrogs
  A scorpion (D:4)
  4 wights (D:7)
  3 howler monkeys
  4 hounds
  3 jellies
  3 orc priests (D:4)
  Ijyb (D:3)
  Natasha (D:3)
  4 iguanas
  2 orc wizards
  2 gnolls
  10 adders
  2 white imps
  An ufetubus (D:5)
  A worm (D:2)
  4 dart slugs
  21 orcs
  8 ball pythons
  2 bats (D:3)
  6 endoplasms
  3 giant cockroaches
  12 goblins
  8 hobgoblins
  4 jackals
  17 kobolds
  2 quokkas
  A frilled lizard (D:1)
  3 rats
157 creatures vanquished.

Vanquished Creatures (others)
  310 foxfires
310 creatures vanquished.

Grand Total: 467 creatures vanquished

Notes
Turn   | Place    | Note
-------+----------+-------------------------------------------
     0 | D:1      | croobank the Demonspawn Fire Elementalist began the quest
                  | for the Orb.
     0 | D:1      | Reached XP level 1. HP: 13/13 MP: 3/3
    15 | D:1      | Found Ifaytith's Distillery.
   363 | D:1      | Found a faded altar of an unknown god.
   461 | D:1      | Gained mutation: You have a pair of small horns on your
                  | head. [demonic ancestry]
   461 | D:1      | Reached XP level 2. HP: 19/19 MP: 5/5
   464 | D:1      | Learned a level 2 spell: Scorch
  1357 | D:1      | Bought a potion of degeneration for 14 gold pieces
  1534 | D:2      | Gained mutation: You regenerate magic rapidly. [demonic
                  | ancestry]
  1534 | D:2      | Reached XP level 3. HP: 24/24 MP: 0/6
  2342 | D:3      | Noticed Ijyb
  2353 | D:3      | Killed Ijyb
  2354 | D:3      | Reached XP level 4. HP: 20/30 MP: 0/7
  2461 | D:3      | Found a shadowy altar of Dithmenos.
  2461 | D:3      | Noticed Natasha
  2468 | D:3      | Killed Natasha
  2964 | D:3      | Found an ancient bone altar of Kikubaaqudgha.
  2964 | D:3      | Found a stormy altar of Qazlal.
  3108 | D:3      | Learned a level 4 spell: Flame Wave
  3334 | D:3      | Found a bloodstained altar of Trog.
  3491 | D:4      | Noticed an orc warrior
  3592 | D:4      | Gained mutation: You are partially covered in rugged brown
                  | scales. (AC +1, +3% HP) [demonic ancestry]
  3592 | D:4      | Reached XP level 5. HP: 31/37 MP: 2/9
  3692 | D:4      | Reached skill level 1 in Fighting
  3858 | D:4      | Found a sacrificial altar of Ru.
  3858 | D:4      | Found a basalt altar of Yredelemnul.
  3864 | D:4      | Found a burning altar of Makhleb.
  3868 | D:4      | Found a faded altar of an unknown god.
  3870 | D:4      | Found a faded altar of an unknown god.
  3910 | D:4      | Gained mutation: You are mostly covered in rugged brown
                  | scales. (AC +2, +5% HP) [demonic ancestry]
  3910 | D:4      | Reached XP level 6. HP: 32/45 MP: 0/10
  4288 | D:4      | Killed an orc warrior
  4544 | D:4      | Found an iron altar of Okawaru.
  4711 | D:5      | Entered Level 5 of the Dungeon
  4715 | D:5      | Reached skill level 1 in Ranged Weapons
  4715 | D:5      | Gained mutation: Your demonic aura sometimes causes spilled
                  | blood to erupt in flames. [demonic ancestry]
  4715 | D:5      | Reached XP level 7. HP: 51/52 MP: 5/12
  5546 | D:6      | Reached XP level 8. HP: 35/59 MP: 8/13
  5753 | D:6      | Found a radiant altar of Vehumet.
  5815 | D:6      | Found a staircase to the Ecumenical Temple.
  5954 | Temple   | Entered the Ecumenical Temple
  6068 | D:6      | Found a transporter.
  6147 | D:6      | Found a transporter.
  6936 | D:7      | Noticed Menkaure
  6942 | D:7      | Killed Menkaure
  7109 | D:7      | Reached skill level 1 in Armour
  7172 | D:7      | Reached skill level 5 in Fire Magic
  7172 | D:7      | Reached XP level 9. HP: 24/68 MP: 4/16
  7412 | D:7      | Reached skill level 5 in Stealth
  7528 | D:7      | Found a broken altar of Ashenzari.
  7980 | D:8      | Found Kitol's Distillery.
  7985 | D:8      | Bought a potion of might for 40 gold pieces
  7985 | D:8      | Bought a potion of might for 40 gold pieces
  8032 | D:8      | Found a flagged portal.
  8151 | Bailey   | Entered a bailey
  8156 | Bailey   | Learned a level 3 spell: Inner Flame
  8193 | Bailey   | Reached skill level 5 in Conjurations
  8242 | Bailey   | Reached skill level 5 in Spellcasting
  8321 | Bailey   | Reached skill level 5 in Dodging
  8345 | Bailey   | HP: 1/69 [orc warrior/+0 war axe (9)]
  8392 | Bailey   | Slain by an orc warrior

Illustrated notes

Levels and vault maps discovered:
D:1:      lemuel_arrival_broad_hall, layout_basic, serial_shops, shop,
          shapermc_ecumenical_altar_petra, chequers_jeans, minmay_tromino_mix6
D:2:      layout_basic, basic_altar
D:3:      layout_basic, mainiacjoe_overflow_divided_tiny,
          lightli_temple_of_fire, mainiacjoe_overflow_tiny_flanked,
          serial_curves, eino_curves_02, eino_curves_01, uniq_ijyb, uniq_natasha
D:4:      layout_rooms, okawaru_altar_gauntlet_db,
          chequers_temple_overflow_minitemple, kennysheep_small_spiral,
          guppyfry_early_orc_mine
D:5:      layout_loops_cross, good_gods_mini_temple, minivault_4
D:6:      gammafunk_cloud_chamber, layout_loops_ring, kennysheep_little_box,
          minmay_temple_entry_junction_2, st_stairs_12, kennysheep_donut
D:7:      layout_loops_ring, mainiacjoe_overflow_small_starburst,
          amethyst_killhole, uniq_menkaure
D:8:      layout_loops_corners, due_lair_maze_entry_diamond, serial_shops,
          nicolae_shop_hallway_plus, enter_bailey_5
Temple:   nicolae_temple_superstar
Bailey:   bailey_axe_4, bailey

Skill      XL: |  1  2  3  4  5  6  7  8  9 |
---------------+----------------------------+-----
Stealth        | 2 3 4 5 |  5.6
Dodging        | 2 3 4 5 |  5.2
Fire Magic     | 3 4 5 |  5.5
Conjurations   | 2 3 4 5 |  5.3
Fighting       | 1 2 3 4 |  4.7
Spellcasting   | 3 4 5 |  5.2
Ranged Weapons | 1 2 3 4 |  4.0
Armour         | 1 2 |  2.7

Action                   |  1- 3 |  4- 6 |  7- 9 || total
-------------------------+-------+-------+-------++-------
Melee: Short sword       |     5 |       |       ||     5
       Headbutt          |     1 |     1 |    10 ||    12
       Dagger            |     5 |    20 |    65 ||    90
 Fire: Sling             |     9 |       |       ||     9
 Cast: Foxfire           |    47 |    42 |    94 ||   183
       Scorch            |    17 |    38 |   101 ||   156
Evoke: Wand              |       |       |     1 ||     1
  Use: Scroll            |     5 |     8 |     7 ||    20
       Potion            |     2 |     1 |     7 ||    10
 Stab: Sleeping          |       |       |     1 ||     1
Armor: Robe              |     6 |    16 |    11 ||    33
       Leather armour    |       |       |    10 ||    10
Dodge: Dodged            |    11 |    29 |    73 ||   113
